 Dungeon Crawl Stone Soup version 0.25-a0-1133-g93ebf739aa (webtiles) character file.

Game seed: 15551468258205720362, levelgen mode: deterministic

52520 tilp the Spry (level 15, -10/96 HPs)
             Began as a Kobold Arcane Marksman on May 22, 2020.
             Was the Champion of Okawaru.
             Mangled by an orc warrior
             ... wielding a +0 battleaxe
             ... led by an orc knight
              (26 damage)
             ... on level 11 of the Dungeon.
             The game lasted 01:07:37 (27938 turns).

tilp the Spry (Kobold Arcane Marksman)             Turns: 27938, Time: 01:07:38

Health: -10/96     AC: 16    Str: 13    XL:     15   Next: 6%
Magic:  24/24      EV: 35    Int: 15    God:    Okawaru [******]
Gold:   1242       SH:  0    Dex: 16    Spells: 10/16 levels left

rFire    + . .     SeeInvis +   b - +9 sword of Zonguldrok {reap}
rCold    . . .     Gourm    .   (shield currently unavailable)
rNeg     . . .     Faith    +   p - +3 leather armour
rPois    .         Spirit   .   G - +2 helmet {SInv}
rElec    .         Reflect  .   K - +2 cloak
rCorr    .         Harm     .   f - +2 pair of gloves
MR       +....                  (no boots)
Stlth    ++++++....             y - amulet of faith
HPRegen  0.26/turn              U - +4 ring of evasion
MPRegen  0.19/turn              i - ring of protection from fire

@: heroism
A: small, carnivore
a: Heroism, Finesse, Renounce Religion


You were on level 11 of the Dungeon.
You worshipped Okawaru.
Okawaru was exalted by your worship.
You were not hungry.

You visited 4 branches of the dungeon, and saw 19 of its levels.

You collected 1332 gold pieces.
You spent 90 gold pieces at shops.

Inventory:

Hand Weapons
 a - a +1 hand crossbow
 b - the +9 sword of Zonguldrok (weapon) {reap}
   (You found it on level 8 of the Dungeon)

   If a monster killed with it leaves a corpse in good enough shape, the corpse
   will be animated as a zombie friendly to the killer.
 r - a +4 triple crossbow of flaming
Missiles
 d - 219 bolts
 e - a throwing net
 g - 6 atropa-tipped darts
 t - 48 poisoned darts (quivered)
 L - 10 curare-tipped darts
Armour
 f - a +2 pair of gloves (worn)
 p - a +3 leather armour (worn)
 G - a +2 helmet of see invisible (worn)
 K - a +2 cloak (worn)
 P - a +0 ring mail of cold resistance
 T - a +0 chain mail
Jewellery
 i - a ring of protection from fire (right hand)
 k - an uncursed amulet of the acrobat
 y - an amulet of faith (around neck)
 O - an uncursed amulet of regeneration
 U - a +4 ring of evasion (left hand)
Wands
 m - a wand of enslavement (15)
 E - a wand of iceblast (3)
 I - a wand of polymorph (13)
 M - a wand of flame (65)
 V - a wand of paralysis (9)
 X - a wand of acid (8)
Scrolls
 h - 7 scrolls of teleportation
 j - a scroll of magic mapping
 B - 2 scrolls of amnesia
 D - 2 scrolls of blinking
 N - 4 scrolls of fog
 Q - 5 scrolls of identify
 S - 3 scrolls of remove curse
 W - 2 scrolls of enchant weapon
 Y - a scroll of fear
Potions
 l - 5 potions of magic
 n - 5 potions of lignification
 o - 4 potions of curing
 q - 3 potions of berserk rage
 u - 6 potions of ambrosia
 v - 2 potions of mutation
 w - 3 potions of flight
 x - 2 potions of might
 z - 2 potions of stabbing
 A - a potion of resistance
 C - a potion of cancellation
 F - 3 potions of heal wounds
 H - 2 potions of invisibility
Miscellaneous
 s - a phial of floods
 J - a box of beasts
Comestibles
 c - 44 rations


   Skills:
 - Level 12.0(17.0) Fighting
 + Level 7.4(12.4) Long Blades
 - Level 10.0(15.0) Crossbows
 - Level 15.0(20.0) Dodging
 - Level 10.0(15.0) Stealth
 - Level 1.1 Spellcasting
 - Level 3.0 Hexes
 - Level 12.0 Invocations
 - Level 8.0 Evocations


You had 10 spell levels left.
You knew the following spells:

 Your Spells              Type           Power        Failure   Level  Hunger
a - Corona                Hex            #......      9%          1    ##.....
b - Slow                  Hex            #.......     13%         2    ###....
c - Portal Projectile     Hex/Tloc       #.....       43%         3    ####...

Your spell library contained the following spells:

 Spells                   Type           Power        Failure   Level  Hunger
 Ensorcelled Hibernation  Hex/Ice        #.....       24%         2    ###....
 Confusing Touch          Hex            #.......     26%         3    ####...
 Tukima's Dance           Hex            #.......     26%         3    ####...
 Infusion                 Chrm           #...         30%         1    ##.....
 Magic Dart               Conj           #...         30%         1    ##.....
 Blink                    Tloc           N/A          41%         2    ###....
 Call Imp                 Summ           #.......     41%         2    ###....
 Shroud of Golubria       Chrm/Tloc      #.....       41%         2    ###....
 Song of Slaying          Chrm           #.......     41%         2    ###....
 Dazzling Flash           Conj/Hex       #.....       43%         3    ####...
 Inner Flame              Hex/Fire       #.......     43%         3    ####...
 Spectral Weapon          Hex/Chrm       #.......     43%         3    ####...
 Conjure Flame            Conj/Fire      #.......     65%         3    ####...
 Mephitic Cloud           Conj/Pois/Air  #.......     65%         3    ####...
 Ozocubu's Armour         Chrm/Ice       #.......     65%         3    ####...
 Cause Fear               Hex            #.........   65%         4    #####..
 Leda's Liquefaction      Hex/Erth       #.........   85%         4    #####..


Dungeon Overview and Level Annotations

Branches:
Dungeon (11/15)            Temple (1/1) D:4            Lair (6/6) D:8
 Shoals (0/4) Lair:3        Snake (0/4) Lair:2        Slime (0/5) Lair:6
    Orc (1/2) D:11

Altars:
Ashenzari
Cheibriados
Dithmenos
Elyvilon
Fedhas
Gozag
Hepliaklqana
Kikubaaqudgha
Makhleb
Nemelex Xobeh
Okawaru
Qazlal
Ru
Sif Muna
Trog
Uskayaw
Vehumet
Wu Jian
Xom
Yredelemnul
Zin
The Shining One
Jiyva

Shops:
D:7 =

Annotations:
D:11 deep elf annihilator vault


Innate Abilities, Weirdness & Mutations

You are small and have problems with some larger weapons.
You are carnivorous and can eat meat at any time.


Message History

The orc warrior closely misses you.
You riposte.
You slash the orc warrior!
The orc warrior is moderately wounded.
Unknown command.
You closely miss the orc warrior.
The orc warrior is moderately wounded.
Your orc warrior zombie hits the orc warrior with a cursed -3 long sword.
The orc warrior misses you.
You riposte.
You slash the orc warrior!
The orc warrior is severely wounded.
Unknown command.
You hit the orc warrior.
The orc warrior is severely wounded.
Unknown command.
You slice the orc warrior!!
You kill the orc warrior!
Okawaru accepts your kill.
The orc warrior turns into a zombie!
Something hits your orc warrior zombie!
Unknown command.
You swap places.
The orc warrior hits you with a +0 battleaxe!!
You die...

..###..##......##(##...#.........
###....#.......#.......#.........
# #...##...........#..##.........
###..###......#....##.(.........#
....#......##.#....##(.........##
.#.###.....##.......#...........#
.#####.....##...))..............#
...#.#.....###..>o#..###...#(..##
...............Z@##..##..####....
..#...#.#...####.Z...#...# #.....
.######.......##........## ###..#
## #......รท.###.....### #.## #
##.........##....# ###
###......##.....###
####..............##.##
##.....................#
#......................####


You could see an orc warrior (strong) and 2 friendly orc warrior zombies.

Vanquished Creatures
  Rupert (Lair:6)
  Erolcha (D:10)
  6 hydras
  A queen ant (Lair:2)
  An orc high priest (D:11)
  Nergalle (D:10)
  Sonja (D:11)
  An unseen horror (D:7)
  A cyclops (D:10)
  2 wolf spiders (Lair:6)
  An ugly thing (D:11)
  22 elephants
  6 black mambas
  A guardian serpent (Lair:6)
  12 spiny frogs
  8 komodo dragons
  2 trolls
  2 hornets (Lair:6)
  Prince Ribbit (Lair:1)
  8 blink frogs
  A snapping turtle (Lair:3)
  4 dream sheep (Lair:6)
  11 hippogriffs
  2 redbacks (Lair:6)
  10 yaks
  8 wyverns
  2 basilisks
  A steam dragon (D:5)
  A hungry ghost (D:7)
  4 vampire mosquitoes (D:11)
  3 nagas (Lair:2)
  A warg (Orc:1)
  17 water moccasins
  19 soldier ants (Lair:2)
  7 porcupines
  2 sky beasts
  3 ice beasts
  2 black bears
  An eye of draining (D:10)
  A necrophage (D:6)
  7 orc warriors
  A phantom (D:11)
  3 wolves
  5 ogres
  15 crocodiles
  3 centaurs
  2 big kobolds
  Blork the orc (D:6)
  8 bullfrogs
  5 scorpions
  10 killer bees
  5 electric eels
  4 howler monkeys
  5 crimson imps
  3 bullfrog zombies
  A centaur zombie (D:9)
  5 jellies
  17 orc wizards
  11 orc priests
  A bullfrog skeleton (D:4)
  5 hounds
  Jessica (D:2)
  3 iguanas
  Natasha (thrice) (D:3)
  20 worker ants
  A hound zombie (D:11)
  A hound skeleton (D:5)
  Robin (D:4)
  5 gnolls
  A howler monkey skeleton (D:4)
  14 adders
  A shadow imp (D:8)
  An ooze (D:3)
  2 adder skeletons
  A worm (D:2)
  7 leopard geckos
  62 orcs
  3 giant cockroaches
  14 goblins
  11 hobgoblins
  17 jackals
  9 quokkas
  7 bats
  4 frilled lizards
  A jackal skeleton (D:5)
  7 kobolds
  A quokka zombie (D:7)
  5 rats
  A fungus (Lair:5)
  2 plants
502 creatures vanquished.

Vanquished Creatures (collateral kills)
  2 hydras
  3 black mambas
  6 elephants
  3 spiny frogs (Lair:6)
  5 blink frogs
  8 dream sheep (Lair:6)
  2 hippogriffs (Lair:6)
  A wyvern (Lair:6)
  A soldier ant (Lair:2)
  9 water moccasins (Lair:6)
  A sky beast (D:10)
  2 ogres
  A bullfrog (Lair:2)
  An orc wizard (D:5)
  4 worker ants (Lair:2)
  3 jackals (D:5)
  A butterfly (Lair:2)
  2 fungi
  3 plants
58 creatures vanquished.

Vanquished Creatures (others)
  An orc (D:8)
  3 bushes (D:8)
  27 fungi
  51 plants
82 creatures vanquished.

Grand Total: 642 creatures vanquished

Notes
Turn   | Place    | Note
-------+----------+-------------------------------------------
     0 | D:1      | tilp the Kobold Arcane Marksman began the quest for the
                  | Orb.
     0 | D:1      | Reached XP level 1. HP: 12/12 MP: 2/2
   377 | D:1      | Reached XP level 2. HP: 17/17 MP: 3/3
   947 | D:2      | Found an ancient bone altar of Kikubaaqudgha.
  1204 | D:2      | Noticed Jessica
  1212 | D:2      | Killed Jessica
  1212 | D:2      | Reached XP level 3. HP: 19/23 MP: 4/4
  1487 | D:2      | Found Zin's Purification Station.
  1492 | D:2      | Found a glowing silver altar of Zin.
  1495 | D:2      | Bought a potion of curing for 90 gold pieces
  1513 | D:2      | Reached XP level 4. HP: 25/29 MP: 5/5
  1517 | D:2      | Learned a level 2 spell: Slow
  2468 | D:3      | Reached XP level 5. HP: 5/33 MP: 6/6
  3029 | D:3      | Noticed Natasha
  3036 | D:3      | Killed Natasha
  3036 | D:3      | Reached skill level 5 in Crossbows
  3151 | D:3      | Found a sacrificial altar of Ru.
  3247 | D:3      | Noticed Natasha
  3252 | D:3      | Killed Natasha
  3252 | D:3      | Reached XP level 6. HP: 29/38 MP: 7/7
  3419 | D:3      | Noticed Natasha
  3427 | D:3      | Killed Natasha
  3707 | D:4      | Reached skill level 1 in Stealth
  3825 | D:4      | Found a staircase to the Ecumenical Temple.
  3825 | D:4      | Noticed Robin
  3997 | D:4      | Killed Robin
  4192 | D:4      | Reached skill level 3 in Dodging
  4930 | D:4      | Reached XP level 7. HP: 44/44 MP: 8/8
  5228 | D:4      | Learned a level 3 spell: Portal Projectile
  5244 | Temple   | Entered the Ecumenical Temple
  5433 | Temple   | Became a worshipper of Warmaster Okawaru
  5469 | D:5      | Entered Level 5 of the Dungeon
  6028 | D:5      | Reached skill level 5 in Fighting
  6028 | D:5      | Reached skill level 4 in Dodging
  6266 | D:5      | Noticed a water moccasin
  6537 | D:6      | Reached * piety under Okawaru
  6537 | D:6      | Reached skill level 5 in Dodging
  6537 | D:6      | Reached XP level 8. HP: 32/51 MP: 9/9
  6805 | D:6      | Reached skill level 6 in Dodging
  6808 | D:6      | Reached skill level 1 in Invocations
  6879 | D:6      | Found a blossoming altar of Fedhas.
  7288 | D:6      | Noticed Blork the orc
  7299 | D:6      | Killed Blork the orc
  7574 | D:6      | Found a radiant altar of Vehumet.
  7606 | D:7      | Noticed a hippogriff
  7747 | D:7      | Reached ** piety under Okawaru
  7747 | D:7      | Reached skill level 5 in Invocations
  7747 | D:7      | Reached XP level 9. HP: 43/54 MP: 11/13
  7755 | D:7      | Noticed a hippogriff
  7841 | D:7      | Killed a hippogriff
  8074 | D:7      | Killed a hippogriff
  8074 | D:7      | Reached skill level 1 in Evocations
  8455 | D:7      | Noticed a hippogriff
  8751 | D:7      | Killed a hippogriff
  8751 | D:7      | Reached *** piety under Okawaru
  8918 | D:7      | Noticed an unseen horror
  8930 | D:7      | Killed an unseen horror
  8930 | D:7      | Reached **** piety under Okawaru
  8930 | D:7      | Reached XP level 10. HP: 59/59 MP: 16/16
  9045 | D:7      | Found Wilor's Jewellery Shop.
  9229 | D:7      | Found an ornate altar of the Wu Jian Council.
  9238 | D:7      | Found a stormy altar of Qazlal.
  9512 | D:8      | Reached skill level 10 in Crossbows
 10039 | D:8      | Reached skill level 5 in Stealth
 10517 | D:8      | Found a staircase to the Lair.
 10546 | D:8      | Reached ***** piety under Okawaru
 10637 | D:8      | Reached skill level 7 in Dodging
 11577 | D:8      | Reached XP level 11. HP: 66/66 MP: 17/17
 11590 | D:8      | Found the +9 sword of Zonguldrok {reap}
 12126 | D:9      | Reached skill level 8 in Dodging
 12131 | D:9      | Received a gift from Okawaru
 13075 | D:9      | Received a gift from Okawaru
 13780 | D:10     | Entered Level 10 of the Dungeon
 13934 | D:10     | Reached skill level 9 in Dodging
 14087 | D:10     | Noticed a cyclops
 14098 | D:10     | Noticed Nergalle
 14113 | D:10     | Killed Nergalle
 14113 | D:10     | Received a gift from Okawaru
 14118 | D:10     | Killed a cyclops
 14181 | D:10     | Noticed Erolcha
 14195 | D:10     | Killed Erolcha
 14195 | D:10     | Reached skill level 10 in Dodging
 14854 | D:11     | Noticed Sonja
 14860 | D:11     | Found a staircase to the Orcish Mines.
 14990 | D:11     | Found a gate leading to a gauntlet.
 14993 | D:11     | Noticed a brown ugly thing
 14999 | D:11     | Noticed a six-headed hydra
 15041 | D:10     | Reached skill level 10 in Fighting
 15128 | D:11     | Received a gift from Okawaru
 15144 | D:11     | Killed a brown ugly thing
 15144 | D:11     | Reached skill level 5 in Evocations
 15297 | Lair:1   | Entered Level 1 of the Lair of Beasts
 15319 | Lair:1   | Noticed Prince Ribbit
 15466 | Lair:1   | Received a gift from Okawaru
 15466 | Lair:1   | Reached XP level 12. HP: 76/76 MP: 18/18
 15487 | Lair:1   | Killed Prince Ribbit
 16438 | Lair:2   | Noticed a five-headed hydra
 16500 | Lair:2   | Reached skill level 10 in Invocations
 16536 | Lair:2   | Killed a five-headed hydra
 16565 | Lair:2   | Received a gift from Okawaru
 16798 | Lair:2   | Noticed a queen ant
 16851 | Lair:2   | Killed a queen ant
 16851 | Lair:2   | Received a gift from Okawaru
 16852 | Lair:2   | Got an iridescent triple crossbow {god gift}
 16885 | Lair:2   | Found a glowing silver altar of Zin.
 17391 | Lair:2   | Identified the +3 triple crossbow "Anegocw" {freeze,
                  | *Contam rPois Int+4} (Okawaru gifted it to you on level 2
                  | of the Lair of Beasts)
 17430 | Lair:2   | Found a staircase to the Snake Pit.
 17446 | Lair:2   | Reached skill level 11 in Dodging
 17582 | Lair:2   | Reached skill level 10 in Stealth
 17776 | Lair:2   | Reached ****** piety under Okawaru
 17776 | Lair:2   | Received a gift from Okawaru
 18315 | Lair:2   | Reached XP level 13. HP: 75/84 MP: 20/20
 18446 | Lair:3   | Noticed a seven-headed hydra
 18452 | Lair:3   | Killed a seven-headed hydra
 18452 | Lair:3   | Received a gift from Okawaru
 18452 | Lair:3   | Reached skill level 12 in Dodging
 18548 | Lair:3   | Noticed a six-headed hydra
 18561 | Lair:3   | Killed a six-headed hydra
 19496 | Lair:3   | Found a staircase to the Shoals.
 20152 | Lair:4   | Reached skill level 13 in Dodging
 21039 | Lair:5   | Noticed a four-headed hydra
 21179 | Lair:5   | Received a gift from Okawaru
 21384 | Lair:5   | Noticed a seven-headed hydra
 21401 | Lair:5   | Killed a seven-headed hydra
 21401 | Lair:5   | Received a gift from Okawaru
 21607 | Lair:5   | Reached skill level 14 in Dodging
 21923 | Lair:5   | Killed a four-headed hydra
 23125 | Lair:6   | Entered Level 6 of the Lair of Beasts
 23167 | Lair:6   | Noticed a four-headed hydra
 23215 | Lair:6   | Reached skill level 15 in Dodging
 23216 | Lair:6   | Reached skill level 1 in Long Blades
 23227 | Lair:6   | Killed a four-headed hydra
 23375 | Lair:6   | Received a gift from Okawaru
 23382 | Lair:6   | Reached XP level 14. HP: 68/92 MP: 21/21
 24123 | Lair:6   | Received a gift from Okawaru
 24252 | Lair:6   | Reached skill level 5 in Long Blades
 24265 | Lair:6   | Received a gift from Okawaru
 24474 | Lair:6   | Noticed Rupert
 24478 | Lair:6   | Paralysed by Rupert for 6 turns
 24502 | Lair:6   | Killed Rupert
 24516 | Lair:6   | Paralysed by a hornet for 3 turns
 24926 | Lair:6   | Found a viscous altar of Jiyva.
 24927 | Lair:6   | Found a staircase to the Slime Pits.
 25193 | Lair:6   | Received a gift from Okawaru
 25593 | Lair:6   | Received a gift from Okawaru
 25606 | Lair:6   | Got a dazzling ring mail {god gift}
 25607 | Lair:6   | Identified the +1 ring mail "Ududd" {+Blink rF+ Slay-5}
                  | (Okawaru gifted it to you on level 6 of the Lair of Beasts)
 26868 | D:11     | Killed Sonja
 26962 | D:11     | Noticed a deep elf annihilator
 27268 | D:11     | Reached XP level 15. HP: 64/96 MP: 24/24
 27725 | Orc:1    | Entered Level 1 of the Orcish Mines
 27938 | D:11     | Mangled by an orc warrior

Illustrated notes

Levels and vault maps discovered:
D:1:      psy_arrival_radial01, layout_loops_ring, serial_park_tiny_pond
D:2:      layout_basic, old_standard_altar, zin_purify, corexii_shack,
          uniq_jessica
D:3:      layout_rooms, nicolae_ru_sacrificial_ziggurat, uniq_natasha
D:4:      layout_basic, minmay_temple_entry_hall, uniq_robin
D:5:      kennysheep_windowed_halls, layout_loops_cross, first_ration,
          hangedman_abyss_or_decor_slice
D:6:      layout_basic, nicolae_overflow_crystal_walls, nrook_mini_backslash,
          vehumet_altar_wand_db, uniq_blork_the_orc
D:7:      layout_rooms, minitemple, serial_shops, nicolae_shop_statue_plus
D:8:      layout_gridville, minmay_lair_entry_grove, blue_anna_alchemist
          [blue_anna_fruit_fields, blue_anna_fruit_fields], minmay_bent
D:9:      layout_layer_cave, minmay_misc_feat_square
D:10:     layout_roguey, uniq_nergalle, uniq_erolcha
D:11:     layout_cave_pools, gauntlet_entry_generic, kennysheep_island_fort,
          uniq_sonja
Temple:   eino_temple_scatter_basement
Lair:1:   layout_small_grid, lemuel_fruit_tree, uniq_prince_ribbit2
Lair:2:   layout_cave_pods, guppyfry_snake_entry_island, basic_altar,
          minivault_29, lemuel_fruit_fields
Lair:3:   wander_river, layout_long_grid, minmay_shoals_entry_hut,
          infiniplex_staircase_pool
Lair:4:   layout_regular_city
Lair:5:   layout_cave_pods, serial_bayou_shore_b, serial_bayou_shore_b
Lair:6:   hangedman_lair_tendril_chambers, layout_misc_corridors,
          dpeg_slime_entry_enclosed_altar, serial_bayou_shore_b, uniq_rupert
Orc:1:    layout_caves, serial_shops, shop, shop, nicolae_shop_statue_plus,
          nicolae_shop_crystal, shop

Skill      XL: |  1  2  3  4  5  6  7  8  9 10 11 12 13 14 |
---------------+-------------------------------------------+-----
Fighting       | 2 3 4 5 6 7 10 11 12 | 12.0
Crossbows      | 4 5 6 9 10 | 10.0
Stealth        | 2 4 7 8 10 | 10.0
Dodging        | 3 5 6 7 10 11 15 | 15.0
Invocations    | 5 8 10 12 | 12.0
Evocations     | 4 5 6 8 |  8.0
Long Blades    | 3 7 |  7.4
Spellcasting   | |  1.1
Hexes          | |  3.0

Action                   |  1- 3 |  4- 6 |  7- 9 | 10-12 | 13-15 || total
-------------------------+-------+-------+-------+-------+-------++-------
Melee: Dagger            |   103 |   299 |    61 |       |       ||   463
       Trident           |       |       |   251 |   182 |       ||   433
       Short sword       |       |       |    28 |       |       ||    28
       Double sword      |       |       |       |   349 |   433 ||   782
 Fire: Hand crossbow     |    12 |    52 |   100 |   260 |   215 ||   639
Throw: Dart              |       |       |     1 |    12 |     4 ||    17
 Cast: Corona            |     1 |       |       |       |       ||     1
Invok: Heroism           |       |       |       |     2 |     2 ||     4
       Finesse           |       |       |       |       |     1 ||     1
Evoke: Wand              |       |       |       |     2 |     9 ||    11
  Use: Scroll            |     2 |     4 |     4 |    17 |     9 ||    36
       Potion            |       |       |       |     2 |     2 ||     4
 Stab: Sleeping          |       |       |       |    10 |     5 ||    15
       Distracted        |       |       |       |     6 |     3 ||     9
       Paralysed         |       |       |       |       |     2 ||     2
  Eat: Chunk             |    10 |    11 |    19 |    29 |    25 ||    94
Armor: Chain mail        |    72 |       |       |       |       ||    72
       Robe              |     1 |       |       |       |       ||     1
       Leather armour    |       |   109 |    99 |   180 |   106 ||   494
Dodge: Dodged            |    36 |   265 |   335 |   661 |   833 ||  2130
       Rpst.: Double sword |       |       |       |   131 |   205 ||   336

Table legend:
 A = Non-vault XP
 B = Vault XP
 C = Vault XP percentage of total XP
 D = Non-vault monster count
 E = Vault monster count
 F = Vault count percentage of total count
                 A         B        C        D         E       F
            +---------+---------+-------+---------+---------+-------
      Total |   51022 |   24007 |  32.0 |     409 |     142 |  25.8
            +---------+---------+-------+---------+---------+-------
        D:1 |      12 |       0 |   0.0 |       8 |       0 |   0.0
        D:2 |      56 |      40 |  41.7 |      17 |       2 |  10.5
        D:3 |     177 |      38 |  17.7 |      28 |       2 |   6.7
        D:4 |     201 |      36 |  15.2 |      16 |      12 |  42.9
        D:5 |     825 |     770 |  48.3 |      37 |      15 |  28.8
        D:6 |     989 |      96 |   8.8 |      29 |       2 |   6.5
        D:7 |    2488 |       0 |   0.0 |      31 |       0 |   0.0
        D:8 |    1314 |    2445 |  65.0 |      40 |      19 |  32.2
        D:9 |    1449 |       0 |   0.0 |      19 |       0 |   0.0
       D:10 |    2201 |    1681 |  43.3 |      22 |       2 |   8.3
       D:11 |    4360 |     944 |  17.8 |      30 |       2 |   6.2
     Lair:1 |    1605 |     794 |  33.1 |       7 |       3 |  30.0
     Lair:2 |    5033 |    4904 |  49.4 |      17 |      44 |  72.1
     Lair:3 |    5049 |     244 |   4.6 |      16 |       1 |   5.9
     Lair:4 |    1327 |       0 |   0.0 |       7 |       0 |   0.0
     Lair:5 |    7629 |     493 |   6.1 |      27 |       1 |   3.6
     Lair:6 |   16143 |   11522 |  41.6 |      55 |      37 |  40.2
      Orc:1 |     164 |       0 |   0.0 |       3 |       0 |   0.0
            +---------+---------+-------+---------+---------+-------
